Map: [ESL] Data-C

Players

ShaDoWn - Winner!

  • Race: Protoss Protoss
  • Spawn Location: 3:00

FightingFrog

  • Race: Protoss Protoss
  • Spawn Location: 9:00

Event: DreamHack SC2 Masters 2022 Valencia

VOD

Have the link to the VOD?

Description

Time

  • Played on: July 1, 2022, 11:18 a.m.
  • Length: 7:19

All games in this series

Show
View Real Time Build Order
Export as new Build Order

ShaDoWn Protoss - Winner!

Build Orders: Oracle Opening 

Get SALT Encoding   

  12  0:00  Probe  
  13  0:14  Probe  
  14  0:19  Pylon  
  14  0:26  Probe  
  15  0:38  Probe (Chrono Boost)  
  15  0:39  Gateway  
  16  0:48  Assimilator  
  16  0:49  Probe (Chrono Boost)  
  17  0:53  Probe (Chrono Boost)  
  18  1:04  Probe (Chrono Boost)  
  19  1:14  Pylon  
  19  1:16  Probe (Chrono Boost), Assimilator  
  20  1:25  Probe (Chrono Boost)  
  21  1:26  Cybernetics Core  
  21  1:30  Probe  
  24  1:43  Probe  
  25  1:55  Probe  
  25  2:00  Nexus  
  24  2:09  Stargate  
  24  2:10  Probe  
  25  2:19  Stalker  
  25  2:22  Probe  
  28  2:33  Pylon  
  28  2:34  Probe  
  29  2:46  Warp Gate  
  29  2:47  Probe  
  30  2:52  Oracle (Chrono Boost)  
  33  2:59  Probe  
  34  3:06  Shield Battery  
  34  3:11  Stalker, Probe (Chrono Boost)  
  34  3:12  Probe (Chrono Boost)  
  37  3:22  Probe x2 (Chrono Boost)  
  37  3:26  Probe (Chrono Boost)  
  39  3:28  Probe, Gateway  
  41  3:37  Probe  
  41  3:39  Twilight Council  
  41  3:40  Probe  
  43  3:49  Stalker, Probe  
  43  3:52  Probe  
  43  3:53  Gateway  
  47  4:01  Probe  
  48  4:04  Probe  
  48  4:08  Pylon  
  49  4:16  Probe  
  50  4:19  Blink (Chrono Boost)  
  47  4:27  Nexus, Pylon  
  47  4:29  Assimilator  
  47  4:36  Stalker x2  
  47  4:37  Probe  
  52  4:40  Probe  
  50  4:50  Probe  
  51  4:54  Probe, Robotics Facility  
  51  4:57  Stalker  
  51  4:59  Stalker  
  55  5:02  Probe  
  55  5:05  Stalker  
  55  5:06  Probe  
  59  5:14  Probe  
  60  5:18  Probe  
  61  5:26  Probe  
  62  5:30  Probe  
  62  5:32  Stalker  
  62  5:33  Stalker x2  
  69  5:38  Probe  
  69  5:40  Probe  
  69  5:42  Probe  
  70  5:46  Observer (Chrono Boost)  
  71  5:50  Probe  
  71  5:52  Gateway  
  71  5:53  Probe  
  71  5:54  Probe  
  71  5:55  Stalker x2  
  71  5:56  Stalker  
  78  6:03  Observer (Chrono Boost)  
  80  6:04  Probe (Chrono Boost)  
  80  6:05  Probe (Chrono Boost)  
  81  6:12  Probe (Chrono Boost)  
  83  6:19  Stalker  
  83  6:21  Forge  
  83  6:22  Stalker  
  83  6:23  Pylon  
  85  6:28  Observer  
  85  6:29  Gateway  
  85  6:39  Gateway  
  85  6:41  Stalker, Probe x3  
  85  6:42  Pylon  
  85  6:43  Stalker  
  92  6:53  Probe  
  89  7:01  Stalker x2  
  89  7:02  Probe  
  89  7:03  Probe  
  93  7:08  Stalker x2  
  99  7:16  Gateway  
  99  7:17  Gateway  
Show
View Real Time Build Order
Export as new Build Order

FightingFrog Protoss 

Build Orders: Phoenix Opening 

Get SALT Encoding   

  12  0:00  Probe  
  13  0:12  Probe  
  14  0:18  Pylon  
  14  0:24  Probe (Chrono Boost)  
  15  0:36  Probe (Chrono Boost)  
  15  0:39  Gateway  
  16  0:45  Probe (Chrono Boost)  
  16  0:47  Assimilator  
  17  0:50  Probe  
  18  1:03  Probe (Chrono Boost)  
  19  1:04  Assimilator  
  19  1:06  Pylon  
  20  1:12  Probe (Chrono Boost)  
  20  1:17  Probe (Chrono Boost)  
  21  1:27  Cybernetics Core  
  21  1:29  Probe  
  22  1:35  Zealot  
  24  1:41  Probe  
  25  1:53  Probe  
  26  2:05  Nexus  
  26  2:08  Warp Gate  
  26  2:15  Probe  
  27  2:22  Stargate  
  27  2:27  Probe  
  28  2:34  Pylon  
  28  2:38  Stalker  
  28  2:42  Probe  
  31  2:54  Probe  
  32  3:04  Phoenix (Chrono Boost)  
  34  3:06  Probe  
  34  3:07  Shield Battery  
  35  3:17  Probe  
  35  3:18  Probe  
  37  3:21  Phoenix (Chrono Boost)  
  39  3:29  Probe  
  39  3:30  Probe  
  41  3:40  Twilight Council  
  41  3:41  Probe  
  41  3:42  Probe  
  43  3:53  Probe  
  44  3:56  Probe  
  44  3:58  Stalker  
  47  4:05  Probe  
  47  4:06  Phoenix  
  47  4:08  Probe (Chrono Boost)  
  44  4:18  Probe (Chrono Boost)  
  44  4:20  Probe (Chrono Boost)  
  44  4:22  Dark Shrine  
  46  4:28  Probe (Chrono Boost)  
  46  4:29  Probe (Chrono Boost)  
  48  4:32  Probe (Chrono Boost)  
  48  4:34  Probe  
  48  4:36  Gateway  
  50  4:44  Probe  
  51  4:45  Pylon  
  51  4:46  Probe  
  48  4:54  Stalker, Shield Battery  
  54  5:03  Pylon  
  54  5:05  Void Ray  
  50  5:21  Stalker  
  50  5:23  Probe  
  50  5:24  Probe  
  49  5:33  Dark Templar  
  47  5:36  Probe x2  
  45  5:48  Probe x2  
  47  5:50  Dark Templar, Assimilator  
  49  6:00  Probe x2  
  49  6:12  Probe x2  
  49  6:24  Probe, Gateway  
  50  6:26  Probe, Gateway  
  50  6:27  Gateway  
  50  6:31  Forge  
  51  6:35  Sentry x2  
  51  6:36  Probe  
  51  6:38  Probe  
  57  6:46  Assimilator  
  57  6:47  Robotics Facility  
  57  6:49  Probe  
  57  6:50  Probe  
  59  6:58  Stalker  
  59  7:01  Probe  
  56  7:03  Probe  
  56  7:05  Stalker  

Tags
 
Add a new tag
Caveats
  • Supply blocks, unpowered buildings, or Contaminate may cause inaccurate times.
  • Supply counts are checked every 10 seconds.